 Dungeon Crawl Stone Soup version 0.27-a0-679-g77a6b55cf3 (webtiles) character file.

Game seed: 2576527941415058675

263 Allula97 the Grave Robber (level 5, -1/55 HPs)
             Began as a Demonspawn Necromancer on Mar 19, 2021.
             Was an Initiate of Dithmenos.
             Slain by a hound (4 damage)
             ... on level 4 of the Dungeon.
             The game lasted 00:12:19 (4392 turns).

Allula97 the Grave Robber (Demonspawn Necromancer)  Turns: 4392, Time: 00:12:19

Health: -1/55      AC: 22    Str:  8    XL:     5   Next: 97%
Magic:  9/9        EV:  2    Int: 16    God:    Dithmenos [......]
Gold:   76         SH:  4    Dex: 15    Spells: 8/10 levels left

rFire    . . .     SeeInvis .   c - +0 short sword
rCold    . . .     Faith    .   (no shield)
rNeg     + + +     Spirit   .   (armour currently unavailable)
rPois    +         Reflect  .   (helmet currently unavailable)
rElec    .         Harm     .   (cloak currently unavailable)
rCorr    .         Rampage  .   (gloves currently unavailable)
Will     .....     NoTele   +   (boots currently unavailable)
Stlth    ++........             (no amulet)
HPRegen  0.18/turn              o - ring of poison resistance
MPRegen  0.11/turn              (no ring)

@: tree-form
A: stationary, stasis, torment immunity, boosted hp, (talons 1), condensation
shield
a: Renounce Religion


You were on level 4 of the Dungeon.
You worshipped Dithmenos.
Dithmenos was noncommittal.
You were a tree.
You visited 2 branches of the dungeon, and saw 5 of its levels.

You collected 162 gold pieces.
You spent 86 gold pieces at shops.

Inventory:

Hand Weapons
 c - a +0 short sword (weapon)
Armour
 a - a +0 robe
 b - a +0 leather armour (melded)
 k - a +0 pair of gloves (melded)
Magical Staves
 i - a staff of cold
Jewellery
 o - a ring of poison resistance (right branch)
Scrolls
 d - a scroll of identify
 h - a scroll of immolation {unknown}
 j - a scroll of summoning {unknown}
 l - a scroll of enchant armour {unknown}
 p - a scroll of random uselessness {unknown}
Potions
 e - a potion of resistance
 g - a potion of attraction


   Skills:
 * Level 1.6 Fighting
 * Level 1.6 Short Blades
 * Level 2.0 Armour
 * Level 2.2 Dodging
 * Level 2.7 Stealth
 * Level 3.1 Spellcasting
 * Level 1.0 Hexes
 * Level 5.0 Necromancy


You had 8 spell levels left.
You knew the following spells:

 Your Spells              Type           Power      Damage    Failure   Level
a - Pain                  Necr           72%        1d7       2%          1
b - Summon Small Mammal   Summ           8%         N/A       19%         1

Your spell library contained the following spells:

 Spells                   Type           Power      Damage    Failure   Level
 Animate Skeleton         Necr           36%        N/A       2%          1
 Vampiric Draining        Necr           9%         2d7       7%          3
 Corona                   Hex            5%         N/A       12%         1
 Apportation              Tloc           4%         N/A       19%         1
 Animate Dead             Necr           9%         N/A       24%         4
 Tukima's Dance           Hex            5%         N/A       36%         3
 Lesser Beckoning         Tloc           1%         N/A       50%         3
 Agony                    Necr           18%        N/A       54%         5
 Alistair's Intoxication  Tmut/Pois      1%         N/A       99%         5
 Invisibility             Hex            5%         N/A       100%        6


Dungeon Overview and Level Annotations

Branches:
Dungeon (4/15)             Temple (1/1) D:4

Altars:
Ashenzari
Cheibriados
Dithmenos
Elyvilon
Fedhas
Gozag
Hepliaklqana
Makhleb
Qazlal
Ru
Trog
Uskayaw
Vehumet
Xom
Zin

Shops:
D:3 !((*


Innate Abilities, Weirdness & Mutations

You are a tree.
Your roots penetrate the ground, keeping you stationary.
You cannot be teleported.
You are immune to unholy pain and torment.
Your maximum health is greatly increased.
Your equipment is partially melded.
((You have sharp toenails.))
A meltable shield of frost defends you. (SH +4)


Message History

You hit the ogre but do no damage.
The ogre is severely wounded.
The orc hits you but does no damage. The ogre hits you but does no damage.
You hit the ogre.
The ogre is almost dead.
The orc hits you but does no damage. The ogre hits you but does no damage.
You completely miss the ogre.
The ogre is almost dead.
The orc barely misses you. The ogre hits you with a +0 giant club.
* * * LOW HITPOINT WARNING * * *
The orc hits you but does no damage.
You hit the ogre.
You kill the ogre!
Dithmenos accepts your kill. The hound bites you but does no damage.
The orc hits you but does no damage.
Your Armour skill increases to level 2!
Your Spellcasting skill increases to level 3!
Your Hexes skill increases to level 1!
Your Necromancy skill increases to level 5!
Okay, then.
You are too injured to fight recklessly!
You hit the hound.
The hound is lightly wounded.
The hound bites you but does no damage. The orc hits you but does no damage.
The hound bites you but does no damage.
You closely miss the hound.
The hound is lightly wounded.
The hound bites you but does no damage. The orc hits you but does no damage.
Okay, then.
You hit the hound.
The hound is moderately wounded.
The hound bites you but does no damage. The orc hits you but does no damage.
The hound bites you but does no damage.
You hit the hound.
The hound is heavily wounded.
The hound bites you but does no damage. The orc hits you but does no damage.
You barely miss the hound.
The hound is heavily wounded.
The hound bites you.
You die...

^#...##..#.......... .
......#.#..#........ ..
##. #.......#....!...
>..##.. #.......##.......
.......###...#..# .......
...............## .......
.....#.....#..o.###......
... #..>..###h..........
. #.....#.♣.###.#.....
...........## #....
##...###..÷.# ..# ##..
#....######.#
....#.....##....#
#.#........#....
###........##.#
#.........<.#
..............#


You could see a hound and an orc.

Vanquished Creatures
  2 ogres (D:4)
  2 gnolls
  3 adders
  2 oozes
  A dart slug (D:1)
  2 leopard geckos
  An orc (D:4)
  2 giant cockroaches (D:1)
  2 goblins
  3 hobgoblins (D:1)
  6 kobolds
  3 quokkas
  5 bats
  5 frilled lizards
  4 rats
43 creatures vanquished.

Notes
Turn   | Place    | Note
-------+----------+-------------------------------------------
     0 | D:1      | Allula97 the Demonspawn Necromancer began the quest for the
                  | Orb.
     0 | D:1      | Reached XP level 1. HP: 13/13 MP: 3/3
    27 | D:1      | You fall into a shaft and drop 1 floor!
   844 | D:1      | Gained mutation: A meltable shield of frost defends you.
                  | (SH +4) [demonic ancestry]
   844 | D:1      | Reached XP level 2. HP: 15/19 MP: 3/5
  1198 | D:1      | Learned a level 1 spell: Summon Small Mammal
  1606 | D:1      | Reached XP level 3. HP: 20/25 MP: 0/6
  2537 | D:3      | Found Kotocuax's General Store.
  2545 | D:3      | Bought a potion of lignification for 30 gold pieces
  2545 | D:3      | Bought a scroll of identify for 20 gold pieces
  2560 | D:3      | Found Saotuoh's Antique Weapon Emporium.
  2566 | D:3      | Reached skill level 1 in Armour
  2977 | D:3      | Gained mutation: You have sharp toenails. [demonic
                  | ancestry]
  2977 | D:3      | Reached XP level 4. HP: 31/31 MP: 7/7
  3022 | D:3      | Reached skill level 1 in Fighting
  3242 | D:3      | Found Ixiog's Weapon Emporium.
  3416 | D:3      | Found an opulent altar of Gozag.
  3672 | D:3      | Found Kixyel's Distillery.
  3680 | D:3      | Bought a potion of curing for 36 gold pieces
  3935 | D:4      | Found a staircase to the Ecumenical Temple.
  3956 | D:4      | Noticed an ogre
  3960 | Temple   | Entered the Ecumenical Temple
  4265 | Temple   | Became a worshipper of Dithmenos the Shadowed
  4313 | D:4      | Killed an ogre
  4314 | D:4      | Reached skill level 1 in Short Blades
  4314 | D:4      | Reached XP level 5. HP: 37/37 MP: 3/9
  4359 | D:4      | Noticed an ogre
  4386 | D:4      | HP: 2/55 [ogre/+0 giant club (4)]
  4387 | D:4      | Killed an ogre
  4388 | D:4      | Reached skill level 1 in Hexes
  4388 | D:4      | Reached skill level 5 in Necromancy
  4392 | D:4      | Slain by a hound

Illustrated notes

Levels and vault maps discovered:
D:1:      nagdon_arrival_zigzag_paths, layout_basic
D:2:      layout_basic, lemuel_round_altar, nicolae_wu_jian_immortal_techniques
D:3:      layout_loops_corners, serial_shops, nicolae_shop_statue_plus, shop,
          nicolae_shop_trees, shop,
          nicolae_gozag_cash_rules_everything_around_me
D:4:      layout_cave_pools, minmay_temple_entry_tees, serial_shops, shop,
          nicolae_shop_statue_plus, shop
Temple:   minmay_temple_curvy_branch

Skill      XL: |  1  2  3  4  5 |
---------------+----------------+-----
Stealth        | 2 |  2.7
Armour         | 1 2 |  2.0
Fighting       | 1 |  1.6
Short Blades   | 1 |  1.6
Dodging        | 2 |  2.2
Spellcasting   | 3 |  3.1
Hexes          | 1 |  1.0
Necromancy     | 5 |  5.0

Action                   |  1- 3 |  4- 6 || total
-------------------------+-------+-------++-------
Melee: Short sword       |    69 |    49 ||   118
       Unarmed           |    13 |       ||    13
       Kick              |       |     9 ||     9
 Cast: Pain              |    43 |     7 ||    50
       Summon Small Mamm |     3 |     2 ||     5
  Use: Scroll            |     2 |       ||     2
       Potion            |     1 |     3 ||     4
 Stab: Sleeping          |     3 |     2 ||     5
Armor: Leather armour    |    20 |     4 ||    24
       Robe              |     3 |       ||     3
       Skin              |       |    27 ||    27
Dodge: Dodged            |    54 |    27 ||    81
Block: Other             |    11 |     7 ||    18

Table legend: (Time is in decaauts)
 A = Elapsed time spent in this place.
 B = Non-inter-level travel time spent in this place.
 C = Inter-level travel time spent in this place.
 D = Time resting spent in this place.
 E = Time spent auto-exploring this place.
 F = Levels seen in this place.
 G = Mean time per level.
                   A        B        C        D        E       F      G
               +--------+--------+--------+--------+--------+-----+--------+
         Total |   4412 |   4287 |    125 |    235 |   3472 |   5 |  882.4 |
       Dungeon |   4084 |   4055 |     29 |    235 |   3248 |   4 | 1021.0 |
        Temple |    327 |    231 |     96 |      0 |    224 |   1 |  327.0 |
               +--------+--------+--------+--------+--------+-----+--------+

Top non-repeatable levels by time:
     D:3: 1655 daAuts
     D:1: 1160 daAuts
     D:2: 1127 daAuts
  Temple: 327 daAuts
     D:4: 141 daAuts
